 Dungeon Crawl Stone Soup version 0.31-a0-859-g9dce7d3444 (webtiles) character file.

Game seed: 14249702216747658099

5 omnomnOMINOUS the Chopper (level 1, 0/13 HPs)
             Began as an Octopode Wanderer on Oct 9, 2023.
             Succumbed to a kobold's poison
             ... on level 1 of the Dungeon.
             The game lasted 00:00:34 (37 turns).

omnomnOMINOUS the Chopper (Octopode Wanderer)         Turns: 37, Time: 00:00:35

Health: 0/13       AC:  1    Str: 13    XL:     1   Next: 80%
Magic:  2/2        EV: 12    Int: 12    God:
Gold:   0          SH:  4    Dex: 11    Spells: 1/2 levels left

rFire   . . .        a - +2 hand axe
rCold   . . .        b - +0 buckler
rNeg    . . .        (helmet restricted)
rPois   .            (no amulet)
rElec   .            (no ring)
rCorr   .            (no ring)
SInv    .            (no ring)
Will    .....        (no ring)
Stlth   ++           (no ring)
HPRegen 0.22/turn    (no ring)
MPRegen 0.08/turn    (no ring)
                     (no ring)

%: no passive effects
@: brilliant, lethally poisoned (0 -> -3)
A: almost no armour, amphibious, 8 rings, camouflage 1, gelatinous body 1,
(nimble swimmer 1), tentacles
a: no special abilities


You were on level 1 of the Dungeon.
You visited 1 branch of the dungeon, and saw 1 of its levels.

Inventory:

Hand Weapons
 a - a +2 hand axe (weapon)
Armour
 b - a +0 buckler (worn)
Scrolls
 e - a scroll of identify {unknown}
Potions
 c - a potion of might


   Skills:
 + Level 1.1 Fighting
 + Level 3.0 Axes
 + Level 1.1 Dodging
 + Level 2.1 Shields
 + Level 1.1 Spellcasting
 - Level 1.0 Fire Magic
 - Level 1.0 Invocations


You had one spell level left.
You knew the following spells:

 Your Spells              Type           Power      Damage    Failure   Level
a - Foxfire               Conj/Fire      8%         2x1d4     32%         1

Your spell library contained the following spells:

 Spells                   Type           Power      Damage    Failure   Level
 Inner Flame              Hex/Fire       2%         N/A       69%         3


Dungeon Overview and Level Annotations

Branches:
Dungeon (1/15)

Altars:


Innate Abilities, Weirdness & Mutations

You cannot wear most types of armour.
You are amphibious.
You can wear up to eight rings at the same time.
Your skin changes colour to match your surroundings (Stealth+).
Your rubbery body absorbs attacks. (AC +1, EV +1)
((You are camouflaged when in or above water. (Stealth+)))
You have tentacles for arms and can constrict up to eight enemies at once.


Message History

No target in view!
No target in view!
No target in view!
e - a scroll labelled XAJIOSSI SYCW A kobold comes into view.
It is wielding a +1 short sword of venom.
A kobold is nearby!
A kobold is nearby!
The kobold shouts!
The kobold hits you with a +1 short sword of venom.
You are lethally poisoned!
You slash the kobold!
You kill the kobold!
You feel very sick.
You are too injured to fight recklessly!
You are too injured to fight recklessly!
You are too injured to fight recklessly!
You are too injured to fight recklessly!
You are too injured to fight recklessly!
You are too injured to fight recklessly!
You are too injured to fight recklessly!
You are too injured to fight recklessly!
You are too injured to fight recklessly!
You are too injured to fight recklessly!
You are too injured to fight recklessly!
You are too injured to fight recklessly!
You are too injured to fight recklessly!
You are too injured to fight recklessly!
You are too injured to fight recklessly!
You are too injured to fight recklessly!
Unknown command.
It was a potion of brilliance.
You feel clever all of a sudden.
* * * LOW HITPOINT WARNING * * *
You feel sick.
* * * LOW HITPOINT WARNING * * *
You feel sick.
* * * LOW HITPOINT WARNING * * *
You feel sick.
Found 3 gold pieces.
You die...

#.#.# #.#.# . #.#.#
# #. #.#.# ..
.§.#.....####.#.# ..
...#..##....#.#.# .$
~≈≈≈≈~~~###.).#.# .#
~~≈≈~~8~.###....##.#
8~§~~8~§§.###...@..#
~####~§§§.###....###
~#..'~§§§..##...##
~#<.'~§≈......#.#
~####~~≈......#.#
8~~~~8~~....#.#.#
~~≈≈~~8~..†.#...#
~§≈§≈~~~....##..###
###................


There were no monsters in sight!

Vanquished Creatures
  A bat (D:1)
  An endoplasm (D:1)
  A hobgoblin (D:1)
  A kobold (D:1)
4 creatures vanquished.

Notes
Turn   | Place    | Note
-------+----------+-------------------------------------------
     0 | D:1      | omnomnOMINOUS the Octopode Wanderer began the quest for the
                  | Orb.
     0 | D:1      | omnomnOMINOUS set off with the following items: a +2 hand
                  | axe, a +0 buckler, a potion of might; and the following
                  | spell memorised: Foxfire; and the following spells
                  | available to memorise: Inner Flame.
     0 | D:1      | Reached XP level 1. HP: 13/13 MP: 2/2
    37 | D:1      | Succumbed to a kobold's poison

Illustrated notes

Levels and vault maps discovered:
D:1:      lightli_arrival_boilingwater, layout_rooms, serial_shops,
          nicolae_shop_tiny_real_fake_doors, minmay_crystal_water

Action                     || total
---------------------------++-------
  Melee: Hand axe          ||     3
         Constrict         ||     1
         Tentacles         ||     1
    Use: Potion            ||     1
 Armour: Skin              ||     1
  Dodge: Dodged            ||     2

Table legend: (Time is in decaauts)
 A = Elapsed time spent in this place.
 B = Non-inter-level travel time spent in this place.
 C = Inter-level travel time spent in this place.
 D = Time resting spent in this place.
 E = Time spent auto-exploring this place.
 F = Levels seen in this place.
 G = Mean time per level.
                   A        B        C        D        E       F      G
               +--------+--------+--------+--------+--------+-----+--------+
         Total |     37 |     37 |      0 |      0 |     15 |   1 |   37.0 |
       Dungeon |     37 |     37 |      0 |      0 |     15 |   1 |   37.0 |
               +--------+--------+--------+--------+--------+-----+--------+

Top non-repeatable levels by time:
     D:1: 37 daAuts
